 Dungeon Crawl Stone Soup version 0.25-a0-860-gf695395b5c (webtiles) character file.

Game seed: 5820156311374972107, levelgen mode: deterministic

19 kae the Sneak (level 2, -2/17 HPs)
             Began as an Octopode Fire Elementalist on Apr 27, 2020.
             Slain by a kobold
             ... wielding a +0 short sword
              (7 damage)
             ... on level 1 of the Dungeon.
             The game lasted 00:00:43 (546 turns).

kae the Sneak (Octopode Fire Elementalist)           Turns: 546, Time: 00:00:44

Health: -2/17      AC:  1    Str:  7    XL:     2   Next: 75%
Magic:  4/5        EV: 13    Int: 17    God:
Gold:   6          SH:  0    Dex: 12    Spells: 4/5 levels left

rFire    . . .     SeeInvis .   d - +0 whip
rCold    . . .     Gourm    .   (no shield)
rNeg     . . .     Faith    .   (helmet restricted)
rPois    .         Spirit   .   (no amulet)
rElec    .         Reflect  .   (no ring)
rCorr    .         Harm     .   (no ring)
MR       .....                  (no ring)
Stlth    +++.......             (no ring)
HPRegen  0.05/turn              (no ring)
MPRegen  0.09/turn              (no ring)
                                (no ring)
                                (no ring)

@: no status effects
A: almost no armour, stealthy swim, amphibious, 8 rings, constrict 8, camouflage
1, gelatinous body 1
a: no special abilities


You were on level 1 of the Dungeon.
You were not hungry.

You visited 1 branch of the dungeon, and saw 1 of its levels.

You collected 6 gold pieces.

Inventory:

Hand Weapons
 d - a +0 whip (weapon)
Scrolls
 e - a scroll of enchant weapon {unknown}
Potions
 a - a potion of stabbing {unknown}
 c - a potion of flight {unknown}
Comestibles
 b - 6 rations
 f - 6 chunks of flesh


   Skills:
 - Level 2.0 Dodging
 * Level 3.7 Stealth
 + Level 2.2 Spellcasting
 + Level 1.5 Conjurations
 - Level 3.0 Fire Magic


You had 4 spell levels left.
You knew the following spells:

 Your Spells              Type           Power        Failure   Level  Hunger
a - Foxfire               Conj/Fire      #...         8%          1    #......

Your spell library contained the following spells:

 Spells                   Type           Power        Failure   Level  Hunger
 Conjure Flame            Conj/Fire      #.......     22%         3    ###....
 Inner Flame              Hex/Fire       #.......     30%         3    ###....
 Sticky Flame             Conj/Fire      #.......     58%         4    #####..
 Fireball                 Conj/Fire      #.........   91%         5    ######.


Dungeon Overview and Level Annotations

Branches:
Dungeon (1/15)

Altars:


Innate Abilities, Weirdness & Mutations

You cannot wear most types of armour.
You are very stealthy in the water. (Stealth+)
You are amphibious.
You can wear up to eight rings at the same time.
You can use your tentacles to constrict eight enemies at once.
Your skin changes colour to match your surroundings (Stealth+).
Your rubbery body absorbs attacks. (AC +1, EV +1)


Message History

A kobold comes into view. It is wielding a +0 short sword.
The kobold shouts!
You hear a shout!
A bat comes into view.
There are monsters nearby!
The kobold hits you with a +0 short sword.
You barely miss the kobold. You grab the kobold. You squeeze the kobold.
The kobold is heavily wounded.
You constrict the kobold.
The kobold hits you with a +0 short sword.
A goblin comes into view.
You are too injured to fight recklessly!
Casting: Foxfire (safe; 8% risk of failure)
Confirm with . or Enter, or press ? or * to list all spells.
You conjure some foxfire!
You constrict the kobold, but do no damage.
The kobold hits you with a +0 short sword.
* * * LOW HITPOINT WARNING * * *
You constrict the kobold, but do no damage.
The kobold hits you with a +0 short sword!
You die...

#....#.###..####.#..
#....#.........#.#..
#..(................
#.#.....##..####.##.
##.#.....###.####.##.
..>....[.+.÷.........
#.....###)........
#vv...............
#@#§#####..######.
#K#.# #.........
#b#.# .........#.
.g..##..........#
#.#.##..........#
#.#)##............
#.#.##..........#.
#.#.##.......(..#


You could see a goblin, a bat and a kobold.

Vanquished Creatures
  A dart slug (D:1)
  A giant cockroach (D:1)
  2 goblins (D:1)
  3 hobgoblins (D:1)
  A kobold (D:1)
  A ball python (D:1)
  3 bats (D:1)
  A frilled lizard (D:1)
  4 rats (D:1)
17 creatures vanquished.

Vanquished Creatures (others)
  30 foxfires (D:1)
30 creatures vanquished.

Grand Total: 47 creatures vanquished

Notes
Turn   | Place    | Note
-------+----------+-------------------------------------------
     0 | D:1      | kae the Octopode Fire Elementalist began the quest for the
                  | Orb.
     0 | D:1      | Reached XP level 1. HP: 11/11 MP: 3/3
   117 | D:1      | Reached XP level 2. HP: 14/17 MP: 1/5
   546 | D:1      | Slain by a kobold

Levels and vault maps discovered:
D:1:      denvon_arrival_waterhouse, layout_basic, corexii_leaking_fountain,
          minmay_pentomino_v4

Skill      XL: |  1 |
---------------+----+-----
Stealth        | 3 |  3.7
Dodging        | |  2.0
Spellcasting   | |  2.2
Conjurations   | |  1.5
Fire Magic     | |  3.0

Action                   || total
-------------------------++-------
Melee: Unarmed           ||     7
       Constrict         ||     6
       Whip              ||     8
       Tentacles         ||     1
 Cast: Foxfire           ||    17
 Stab: Sleeping          ||     2
Armor: Skin              ||     3
Dodge: Dodged            ||    20

Table legend:
 A = Non-vault XP
 B = Vault XP
 C = Vault XP percentage of total XP
 D = Non-vault monster count
 E = Vault monster count
 F = Vault count percentage of total count
                 A         B        C        D         E       F
            +---------+---------+-------+---------+---------+-------
      Total |      24 |       4 |  14.3 |      16 |       1 |   5.9
            +---------+---------+-------+---------+---------+-------
        D:1 |      24 |       4 |  14.3 |      16 |       1 |   5.9
            +---------+---------+-------+---------+---------+-------
